 Dungeon Crawl Stone Soup version 0.20-a0-556-g892c87b (console) character file.

3172 nht the Grappler (level 9, -2/75 HPs)
             Began as a Troll Transmuter on Feb 4, 2017.
             Was an Elder of Ru.
             Slain by a hornet (16 damage)
             ... on level 9 of the Dungeon.
             The game lasted 00:12:39 (6355 turns).

nht the Grappler (Troll Transmuter)                 Turns: 6355, Time: 00:12:40

Health: -2/75      AC:  9    Str: 20    XL:     9   Next: 63%
Magic:  9/9        EV:  9    Int: 12    God:    Ru [****..]
Gold:   430        SH:  0    Dex: 10    Spells: 1/10 levels left

rFire    . . .     SeeInvis +     - Unarmed
rCold    . . .     Gourm    +   I - +1 robe {MR+}
rNeg     . . .     Faith    .   (no shield)
rPois    .         Spirit   .   (helmet restricted)
rElec    .         Reflect  .   u - +2 cloak
rCorr    .         Harm     .   (gloves unavailable)
MR       +....                  (boots unavailable)
Stlth    ..........             (no amulet)
Regen    0.7/turn               F - ring of see invisible (curse)
                                v - ring of wizardry

@: slowed, very slow
A: unfitting armour, claws 3, fast metabolism 3, gourmand, regeneration 1,
shaggy fur 1, tough skin 2, no stealth, inability to train dodging, inability to
train armour
a: Draw Out Power, Power Leap, Renounce Religion


You were on level 9 of the Dungeon.
You worshipped Ru.
Ru was greatly pleased with you.
You were not hungry.

You visited 1 branch of the dungeon, and saw 9 of its levels.

You collected 430 gold pieces.

Inventory:

Missiles
 a - 12 arrows
 m - 3 javelins (quivered)
 s - 2 javelins of penetration
 H - 2 tomahawks
Armour
 u - a +2 cloak (worn)
 I - a +1 robe of magic resistance (worn)
Jewellery
 l - an uncursed ring of flight
 v - a ring of wizardry (left claw)
 F - a cursed ring of see invisible (right claw)
Wands
 i - a wand of lightning (13/15)
 p - a wand of flame (4/48)
 B - a wand of digging (19/24)
 C - a wand of flame (23/48)
Scrolls
 h - 2 scrolls of recharging
 j - 5 scrolls of remove curse
 n - 2 scrolls of fog
 t - 2 scrolls of amnesia
 w - 3 scrolls of teleportation
 E - a scroll of enchant weapon
Potions
 e - 3 potions of heal wounds
 g - a potion of mutation
 q - 3 potions of curing
 D - 2 potions of brilliance
 G - a potion of resistance
Books
 c - a book of Changes

   Spells                             Type                      Level
   a - Beastly Appendage              Transmutation                1
   b - Sticks to Snakes               Transmutation                2
   c - Spider Form                    Transmutation/Poison         3
   d - Ice Form                       Ice/Transmutation            4
   e - Blade Hands                    Transmutation                5
 r - a book of Flames

   Spells                             Type                      Level
   a - Flame Tongue                   Conjuration/Fire             1
   b - Throw Flame                    Conjuration/Fire             2
   c - Conjure Flame                  Conjuration/Fire             3
   d - Inner Flame                    Hexes/Fire                   3
   e - Sticky Flame                   Conjuration/Fire             4
   f - Fireball                       Conjuration/Fire             5
 x - a book of Conjurations

   Spells                             Type                      Level
   a - Magic Dart                     Conjuration                  1
   b - Searing Ray                    Conjuration                  2
   c - Dazzling Spray                 Conjuration/Hexes            3
   d - Fulminant Prism                Conjuration/Hexes            4
   e - Iskenderun's Mystic Blast      Conjuration                  4
   f - Iskenderun's Battlesphere      Conjuration/Charms           5
 y - a book of Misfortune

   Spells                             Type                      Level
   a - Confusing Touch                Hexes                        1
   b - Confuse                        Hexes                        3
   c - Gell's Gravitas                Hexes/Translocation          3
   d - Petrify                        Transmutation/Earth          4
   e - Metabolic Englaciation         Hexes/Ice                    5
   f - Yara's Violent Unravelling     Hexes/Transmutation          5
 z - a book of Callings

   Spells                             Type                      Level
   a - Summon Small Mammal            Summoning                    1
   b - Call Imp                       Summoning                    2
   c - Call Canine Familiar           Summoning                    3
   d - Summon Guardian Golem          Hexes/Summoning              3
   e - Summon Lightning Spire         Summoning/Air                4
   f - Summon Ice Beast               Ice/Summoning                4
 A - a book of Cantrips

   Spells                             Type                      Level
   a - Confusing Touch                Hexes                        1
   b - Animate Skeleton               Necromancy                   1
   c - Summon Small Mammal            Summoning                    1
   d - Apportation                    Translocation                1
Comestibles
 d - 14 bread rations
 f - 5 meat rations
 k - 3 fruits


   Skills:
 - Level 0.7 Fighting
 * Level 11.7 Unarmed Combat
 - Level 1.2 Spellcasting
 + Level 5.6 Transmutations


You had one spell level left.
You knew the following spells:

 Your Spells              Type           Power        Failure   Level  Hunger
a - Ice Form              Ice/Tmut       #.......     54%         4    #####..
b - Blade Hands           Tmut           ##........   45%         5    ######.


Dungeon Overview and Level Annotations

Branches:
Dungeon (9/15)             Temple (0/1) D:6
   Lair: D:8-11         Orc: D:9-12

Altars:
Dithmenos
Hepliaklqana
Ru
Trog
The Shining One

Shops:
D:4 (

Annotations:
D:9 2 runed doors, dragons


Innate Abilities, Weirdness & Mutations

You are too large for most types of armour.
You have claws for hands.
Your metabolism is lightning-fast.
You like to eat raw meat.
Your natural rate of healing is unusually fast.
You are covered in fur. (AC +1)
You have very tough skin. (AC +2)
You cannot be stealthy.
You cannot train Dodging skill.
You cannot train Armour skill.


Message History

You feel sick. The hornet stings you.
* * * LOW HITPOINT WARNING * * *
You feel as though you will be slow longer.
The hornet stings you!
* * * LOW HITPOINT WARNING * * *
You feel as though you will be slow longer.
You miss the hornet.
The hornet is almost dead.
You feel sick. The hornet barely misses you. x2
You feel better. The hornet stings you.
* * * LOW HITPOINT WARNING * * *
You feel as though you will be slow longer.
The hornet stings you but does no damage.
You closely miss the hornet.
The hornet is almost dead.
The hornet barely misses you. The hornet closely misses you.
You closely miss the hornet.
The hornet is almost dead.
The hornet is no longer blind.
The hornet stings you!
You die...

***********+*** █....[█...█
*,,,,,,,,,* ██......███
**+*███████* █.█.......█
*,,,.......* ███.█.███.███
*,,,.......* ███.'.....█...█
*,,,.......* █...█.███.███.'
*,,,.....?.*██.███.█,█.....█
*,,,.......██..█ █.█,███████
*,,,.....:y@..██ █..,*,,,,,*
*,,<.......████ ███,*****,*
*,,,.......* *,,,,,,,,,*
*,,,.......* ***********
****███████*


You could see a hornet.

Vanquished Creatures
  Erolcha (D:9)
  Joseph (D:8)
  A spriggan (D:7)
  6 sky beasts
  A phantom (D:5)
  2 black bears
  An ice beast (D:5)
  A centaur (D:5)
  2 bullfrogs (D:7)
  An electric eel (D:8)
  2 crimson imps (D:7)
  A bullfrog zombie (D:5)
  2 quasits
  A jelly (D:6)
  An orc priest (D:7)
  3 hounds
  2 orc wizards
  Jessica (D:3)
  Ijyb (D:2)
  3 iguanas
  2 worker ants
  A killer bee zombie (D:8)
  2 hound skeletons
  Robin (D:2)
  A worker ant zombie (D:6)
  9 adders
  3 shadow imps
  2 oozes
  An adder zombie (D:6)
  An adder skeleton (D:4)
  3 worms
  2 leopard geckos
  16 orcs
  2 ball pythons
  5 giant cockroaches
  6 hobgoblins
  10 jackals
  2 quokkas
  3 bats
  6 frilled lizards
  16 goblins
  A jackal skeleton (D:6)
  A jackal zombie (D:7)
  7 kobolds (D:2)
  2 leopard gecko skeletons
  2 quokka skeletons
  8 rats
149 creatures vanquished.

Vanquished Creatures (others)
  A worker ant (D:6)
  An adder (D:7)
  An adder zombie (D:9)
  A kobold (D:3)
  A rat (D:1)
5 creatures vanquished.

Grand Total: 154 creatures vanquished

Notes
Turn   | Place    | Note
-------+----------+-------------------------------------------
     0 | D:1      | nht the Troll Transmuter began the quest for the Orb.
     0 | D:1      | Reached XP level 1. HP: 18/18 MP: 1/1
   413 | D:1      | Reached XP level 2. HP: 26/26 MP: 2/2
   763 | D:2      | Noticed Robin
   857 | D:2      | Found a faded altar of an unknown god.
   867 | D:2      | Became a worshipper of Ru the Awakened
   874 | D:2      | Gained mutation: You cannot train Armour skill. [Ru sacrifice]
   874 | D:2      | Reached * piety under Ru
   890 | D:2      | Reached skill level 4 in Unarmed Combat
   890 | D:2      | Reached XP level 3. HP: 32/32 MP: 3/3
   956 | D:2      | Noticed Ijyb
   968 | D:2      | Killed Ijyb
   968 | D:2      | Reached skill level 5 in Unarmed Combat
   968 | D:2      | Reached XP level 4. HP: 22/40 MP: 4/4
   984 | D:2      | Killed Robin
  1765 | D:3      | You fall through a shaft!
  1772 | D:4      | Reached XP level 5. HP: 25/46 MP: 5/5
  1811 | D:4      | Found Evorud's Antique Weapon Shoppe.
  1887 | D:4      | Reached skill level 6 in Unarmed Combat
  2013 | D:3      | Learned a level 5 spell: Blade Hands
  2056 | D:3      | Noticed Jessica
  2061 | D:3      | Killed Jessica
  2072 | D:3      | Gained mutation: You cannot be stealthy. [Ru sacrifice]
  2072 | D:3      | Reached ** piety under Ru
  2985 | D:5      | Entered Level 5 of the Dungeon
  3142 | D:5      | Noticed a centaur
  3165 | D:5      | Noticed an ice beast
  3171 | D:5      | Killed an ice beast
  3171 | D:5      | Reached XP level 6. HP: 54/54 MP: 6/6
  3421 | D:5      | Reached skill level 7 in Unarmed Combat
  3658 | D:5      | Reached XP level 7. HP: 36/61 MP: 7/7
  3730 | D:5      | Found a glowing golden altar of the Shining One.
  3868 | D:6      | Reached skill level 8 in Unarmed Combat
  3920 | D:6      | Gained mutation: You cannot train Dodging skill. [Ru sacrifice]
  3920 | D:6      | Reached *** piety under Ru
  3920 | D:6      | Reached **** piety under Ru
  4008 | D:6      | Reached XP level 8. HP: 19/68 MP: 8/8
  4025 | D:6      | Reached skill level 9 in Unarmed Combat
  4060 | D:6      | Identified a scroll of acquirement
  4133 | D:6      | Learned a level 4 spell: Ice Form
  4289 | D:6      | Found a staircase to the Ecumenical Temple.
  5239 | D:7      | Found a hazy altar of Hepliaklqana.
  5240 | D:7      | Found a bloodstained altar of Trog.
  5314 | D:7      | Found a shadowy altar of Dithmenos.
  5325 | D:7      | Reached skill level 10 in Unarmed Combat
  5626 | D:8      | Noticed Joseph
  5635 | D:8      | Killed Joseph
  5635 | D:8      | Reached XP level 9. HP: 75/75 MP: 9/9
  5745 | D:8      | Reached skill level 5 in Transmutations
  5776 | D:8      | Found a hazy altar of Hepliaklqana.
  6193 | D:9      | Found a runed door.
  6198 | D:9      | Noticed a fire dragon
  6198 | D:9      | Noticed Erolcha
  6211 | D:9      | Killed Erolcha
  6211 | D:9      | Reached skill level 11 in Unarmed Combat
  6219 | D:9      | Found a runed door.
  6219 | D:9      | Noticed an ice dragon
  6219 | D:9      | Noticed a fire dragon
  6221 | D:9      | Noticed an ice dragon
  6344 | D:9      | Paralysed by a hornet for 2 turns
  6355 | D:9      | Slain by a hornet

Vault maps used:
D:1:      minmay_arrival_loop, serial_park_tiny_1, lemuel_flame_loot_1
D:2:      first_bread, chequers_ecumenical_altar_simple_redux, uniq_robin,
          uniq_iyjb
D:3:      serial_curves, eino_curves_02, eino_curves_01, uniq_jessica
D:4:      serial_shops, shop
D:5:      tso_oasis_becter
D:6:      minmay_temple_entry_statues_pillars, minmay_checkerbox
D:7:      gammafunk_temple_overflow_pools, basic_altar, the_bakery
D:8:      basic_altar, kennysheep_cross_room, uniq_joseph
D:9:      minmay_guarded_unrand_resistance, uniq_erolcha

Skill      XL: |  1  2  3  4  5  6  7  8  9 |
---------------+----------------------------+-----
Unarmed Combat | 4 5 6 7 8 10 11 | 11.7
Transmutations | 2 3 4 5 |  5.6
Dodging        | 0 |  0.0
Fighting       | |  0.7
Spellcasting   | |  1.2

Action                   |  1- 3 |  4- 6 |  7- 9 || total
-------------------------+-------+-------+-------++-------
Melee: Unarmed           |    89 |   170 |   229 ||   488
       Punch             |     1 |     3 |     6 ||    10
Invok: Sacrifice Durabil |     1 |       |       ||     1
       Sacrifice Stealth |       |     1 |       ||     1
       Sacrifice Nimblen |       |       |     1 ||     1
       Reject Sacrifices |       |       |     1 ||     1
Evoke: Wand              |       |       |     3 ||     3
  Use: Scroll            |       |    12 |     8 ||    20
       Potion            |       |     3 |     4 ||     7
 Stab: Distracted        |       |       |     1 ||     1
  Eat: Chunk             |    13 |    23 |    23 ||    59
Armor: Robe              |    32 |    47 |   104 ||   183
       Skin              |       |       |     7 ||     7
Dodge: Dodged            |    57 |    88 |    90 ||   235
